 Dungeon Crawl Stone Soup version 0.29.0-13-gc9e81de378 (webtiles) character file.

Game seed: 10693954182831877995

3995 magipi the Cleaver (level 10, -4/79 HPs)
             Began as a Meteoran Fighter on Sept 8, 2022.
             Was a Follower of Makhleb.
             Killed from afar by Erica (22 damage)
             ... with a lance of force
             ... on level 8 of the Dungeon.
             The game lasted 00:17:42 (3253 turns).

magipi the Cleaver (Meteoran Fighter)               Turns: 3253, Time: 00:17:43

Health: -4/79      AC: 18    Str: 21    XL:     10   Next: 74%
Magic:  15/15      EV:  6    Int: 10    God:    Makhleb [*.....]
Gold:   303        SH:  6    Dex: 15    Spells: 9/9 levels left

rFire   . . .      SeeInvis .   a - +0 war axe
rCold   . . .      Faith    .   c - +0 buckler
rNeg    . . .      Spirit   .   b - +0 plate armour
rPois   .          Reflect  .   (no helmet)
rElec   .          Harm     .   O - +0 cloak
rCorr   .          Rampage  .   C - +1 pair of gloves
Will    ++...                   K - +0 pair of boots
Stlth   ..........              (no amulet)
HPRegen 0.23/turn               m - ring of willpower
MPRegen 0.14/turn               (no ring)

@: mighty, glowing
A: sense surroundings 2, otherworldly, glowing, explore regen
a: Renounce Religion


You were on level 8 of the Dungeon.
You worshipped Makhleb.
Makhleb was aware of your devotion.
You visited 2 branches of the dungeon, and saw 9 of its levels.

You collected 303 gold pieces.

Inventory:

Hand Weapons
 a - a +0 war axe (weapon)
Missiles
 D - 5 boomerangs (quivered)
Armour
 b - a +0 plate armour (worn)
 c - a +0 buckler (worn)
 C - a +1 pair of gloves (worn)
 F - a +0 leather armour of cold resistance
 K - a +0 pair of boots (worn)
 O - a +0 cloak (worn)
Magical Staves
 B - a staff of air
Jewellery
 m - a ring of willpower (left hand)
Wands
 d - a wand of digging (14)
 e - a wand of flame (50)
 t - a wand of roots (9)
 v - a wand of quicksilver (12)
 N - a wand of polymorph (11)
Scrolls
 f - 2 scrolls of identify {unknown}
 g - 2 scrolls of amnesia {unknown}
 h - a scroll of blinking {unknown}
 j - 3 scrolls of teleportation {unknown}
 k - 2 scrolls of noise {unknown}
 l - 2 scrolls of summoning {unknown}
 o - a scroll of immolation {unknown}
 r - a scroll of enchant weapon {unknown}
 y - a scroll of fear {unknown}
 E - a scroll of vulnerability {unknown}
 G - 2 scrolls of poison {unknown}
 L - a scroll of enchant armour {unknown}
Potions
 n - 3 potions of degeneration {unknown}
 p - 2 potions of haste {unknown}
 q - 2 potions of lignification {unknown}
 s - 2 potions of heal wounds {unknown}
 u - 5 potions of mutation {unknown}
 w - 2 potions of resistance {unknown}
 x - a potion of flight {unknown}
 z - a potion of brilliance {unknown}
 A - a potion of cancellation {unknown}
 H - a potion of invisibility {unknown}
 J - a potion of attraction {unknown}
 M - a potion of magic {unknown}


   Skills:
 - Level 4.2 Fighting
 + Level 11.4 Axes
 + Level 7.6 Armour
 + Level 7.6 Shields
 + Level 6.2 Invocations
 + Level 6.3 Evocations


You had 9 spell levels left.
You didn't know any spells.
Your spell library contained the following spells:

 Spells                   Type           Power      Damage    Failure   Level
 Confusing Touch          Hex            0%         N/A       100%        3
 Ignite Poison            Fire/Tmut/Pois 0%         N/A       100%        3
 Mephitic Cloud           Conj/Pois/Air  0%         N/A       100%        3
 Freezing Cloud           Conj/Ice/Air   0%         6-21      100%        5
 Yara's Violent Unravell  Hex/Tmut       0%         3d3       100%        5
 Enfeeble                 Hex            0%         N/A       100%        7


Dungeon Overview and Level Annotations

Branches:
Dungeon (8/15) Zot: 1518   Temple (1/1) D:6 Zot: 563
   Lair: D:8-11

Altars:
Cheibriados
Elyvilon
Fedhas
Gozag
Hepliaklqana
Kikubaaqudgha
Makhleb
Nemelex Xobeh
Okawaru
Qazlal
Ru
Sif Muna
Trog
Uskayaw
Vehumet
Yredelemnul
The Shining One

Shops:
D:3 [

Annotations:
D:8 Erica, Gastronok
Temple 2 transporters


Innate Abilities, Weirdness & Mutations

You passively map the area around you.
You are easily found by Zot.
You glow in the dark.
You regain HP and MP as you explore.


Message History

You feel better. Something hits you but does no damage.
You slash something! You barely miss something. Something hits you!
Something burns you.
* * * LOW HITPOINT WARNING * * *
You miss something. Something hits you.
* * * LOW HITPOINT WARNING * * *
Something burns you.
* * * LOW HITPOINT WARNING * * *
Unknown command.
Unknown command.
Aiming: Quicksilver Bolt
Press: ? - help, Shift-Dir - straight line The bolt of dispelling energy hits something!!
Reactivating autopickup.
Erica's magical effects unravel!
Erica hits you with a +4 scimitar of flaming.
* * * LOW HITPOINT WARNING * * *
Erica burns you.
* * * LOW HITPOINT WARNING * * *
Unknown command.
Aiming: Fastroot
Press: ? - help, Shift-Dir - straight line, f - Erica
Aim: Erica, wielding a +4 scimitar of flaming and wearing a +0 robe (heavily wounded)
The roots erupt in riotous growth!
Roots grab Erica.
The grasping roots constrict Erica!
Erica hits you with a +4 scimitar of flaming.
* * * LOW HITPOINT WARNING * * *
Erica burns you.
* * * LOW HITPOINT WARNING * * *
Unknown command.
Unknown command.
Unknown command.
Unknown command.
Unknown command.
You feel better.
The grasping roots constrict Erica.
The roots release their grip on Erica.
Erica gestures at you while chanting. The lance of force hits you!!
You die...

* ~~~... ,, ,......... **
##~~..~ ~~ ~ ~~~P~~.. , ,
.......♣♣ ~ ~P~~P~.. ,
,........♣♣♣♣♣ ~~P~P### ,
.........♣~~#####♣P~~~.###
, !....>...........
####.... ,,
...............# * ###.. ,
, ,.[......@......# #.. ,
........#@.....#########..
....#####................(
, ... #......#########..
** # * #.....)# #..
#......# #.. #......# #..
######## ###


You could see Erica.

Vanquished Creatures
  Pikel (D:7)
  Joseph (D:7)
  Maurice (D:8)
  An unseen horror (D:8)
  2 hornets (D:8)
  Prince Ribbit (D:8)
  Menkaure (D:5)
  2 water moccasins
  2 orc warriors
  A sky beast (D:8)
  2 centaurs (D:8)
  A lemure (D:7)
  4 phantoms
  Blork the orc (D:6)
  2 bullfrogs
  A scorpion (D:6)
  3 wights (D:7)
  An electric eel (D:8)
  A jelly (D:8)
  4 hounds
  3 orc priests
  An orc wizard (D:7)
  6 iguanas
  8 adders
  A shadow imp (D:6)
  An ufetubus (D:4)
  2 worms (D:3)
  A dart slug (D:2)
  21 orcs
  7 endoplasms
  7 giant cockroaches
  5 goblins
  2 hobgoblins
  2 jackals (D:1)
  5 kobolds
  A quokka (D:4)
  2 ball pythons
  4 bats
  4 frilled lizards
  6 rats
122 creatures vanquished.

Vanquished Creatures (others)
  A plant (D:8)
1 creature vanquished.

Grand Total: 123 creatures vanquished

Notes
Turn   | Place    | Note
-------+----------+-------------------------------------------
     0 | D:1      | magipi the Meteoran Fighter began the quest for the Orb.
     0 | D:1      | Reached XP level 1. HP: 19/19 MP: 2/2
   118 | D:1      | Reached skill level 3 in Axes
   118 | D:1      | Reached XP level 2. HP: 26/26 MP: 3/3
   326 | D:1      | Reached XP level 3. HP: 31/31 MP: 4/4
   331 | D:1      | Reached skill level 4 in Axes
   496 | D:2      | Reached XP level 4. HP: 37/38 MP: 5/5
   669 | D:3      | Reached skill level 5 in Axes
   845 | D:3      | Reached XP level 5. HP: 27/45 MP: 6/6
   846 | D:3      | Found Ekleph Buoc's Antique Armour Shoppe.
   941 | D:3      | Identified the +6 mace of Noon {vamp, rF- rN+ Will+ Int+4}
  1170 | D:4      | Noticed a phantom
  1183 | D:4      | Killed a phantom
  1184 | D:4      | Reached skill level 6 in Axes
  1184 | D:4      | Reached XP level 6. HP: 40/51 MP: 7/7
  1300 | D:4      | Reached skill level 7 in Axes
  1584 | D:5      | Entered Level 5 of the Dungeon
  1586 | D:5      | Noticed Menkaure
  1600 | D:5      | Killed Menkaure
  1601 | D:5      | Reached skill level 8 in Axes
  1601 | D:5      | Reached XP level 7. HP: 29/57 MP: 8/8
  1720 | D:5      | Reached skill level 9 in Axes
  1878 | D:5      | Reached XP level 8. HP: 56/63 MP: 9/9
  1956 | D:5      | Reached skill level 1 in Evocations
  2090 | D:6      | Noticed Blork the orc
  2091 | D:6      | Found a staircase to the Ecumenical Temple.
  2097 | D:6      | Killed Blork the orc
  2110 | Temple   | Entered the Ecumenical Temple
  2110 | Temple   | Found a transporter.
  2110 | Temple   | Found a transporter.
  2112 | Temple   | Found a transporter.
  2112 | Temple   | Found a transporter.
  2126 | Temple   | Became a worshipper of Makhleb the Destroyer
  2387 | D:6      | Noticed a two-headed ogre
  2461 | D:6      | Reached skill level 10 in Axes
  2461 | D:6      | Reached skill level 1 in Invocations
  2461 | D:6      | Gained mutation: You passively map the area around you.
                  | [Meteoran growth]
  2461 | D:6      | Reached XP level 9. HP: 68/71 MP: 10/10
  2510 | D:6      | Reached skill level 5 in Armour
  2510 | D:6      | Reached skill level 5 in Shields
  2529 | D:7      | Noticed Pikel
  2561 | D:7      | Killed Pikel
  2582 | D:7      | Noticed Joseph
  2606 | D:7      | Killed Joseph
  2792 | D:7      | Reached skill level 5 in Evocations
  2792 | D:7      | Reached XP level 10. HP: 53/78 MP: 14/14
  2900 | D:8      | Noticed Gastronok
  2900 | D:8      | Noticed Maurice
  2939 | D:8      | Reached * piety under Makhleb
  2940 | D:8      | Reached skill level 5 in Invocations
  2952 | D:8      | Reached skill level 11 in Axes
  3081 | D:8      | Killed Maurice
  3094 | D:8      | Noticed Prince Ribbit
  3105 | D:8      | Killed Prince Ribbit
  3111 | D:8      | Killed an unseen horror
  3226 | D:8      | Noticed Erica
  3253 | D:8      | Killed from afar by Erica

Illustrated notes

Levels and vault maps discovered:
D:1:      dpeg_arrival_simpleton_c, layout_basic,
          shapermc_ecumenical_altar_acropolis, chequers_serial_rivers_small_b
D:2:      layout_loops_ring
D:3:      layout_loops_corners, serial_shops, shop
D:4:      layout_cave_pods, minmay_misc_feat_iff
D:5:      nicolae_cairo_tiling_very_big, layout_cave_pools, serial_column_ruins,
          column_ruins_square_medium, column_ruins_open_small,
          column_ruins_columns_straight, column_ruins_grid_4,
          column_ruins_columns_corner, uniq_menkaure
D:6:      layout_loops_ring, minmay_temple_entry_statues_pillars,
          minmay_manual_mail, uniq_blork_the_orc
D:7:      layout_rooms, uniq_joseph, uniq_pikel
D:8:      layout_rooms, minmay_misc_feat_diagonals, serial_bayou_lagoon_b,
          uniq_prince_ribbit1, uniq_gastronok, uniq_maurice, uniq_erica
Temple:   hellmonk_temple_divided_pantheon

Skill      XL: |  1  2  3  4  5  6  7  8  9 10 |
---------------+-------------------------------+-----
Axes           | 3 4 5 6 8 9 10 11 | 11.4
Evocations     | 2 5 6 |  6.3
Armour         | 4 6 7 |  7.6
Shields        | 4 6 7 |  7.6
Fighting       | 4 |  4.2
Invocations    | 1 4 6 |  6.2

Action                   |  1- 3 |  4- 6 |  7- 9 | 10-12 || total
-------------------------+-------+-------+-------+-------++-------
Melee: War axe           |    62 |   130 |   203 |    66 ||   461
Throw: Boomerang         |       |       |       |     1 ||     1
Evoke: Wand              |       |       |       |    12 ||    12
  Use: Potion            |       |       |     3 |     4 ||     7
Armor: Scale mail        |    36 |    42 |    30 |       ||   108
       Plate armour      |       |       |    48 |    70 ||   118
Dodge: Dodged            |    22 |    53 |    41 |    10 ||   126
Block: Buckler           |    20 |    27 |    39 |    16 ||   102
